 Dungeon Crawl Stone Soup version 0.26-a0-1145-gf5f8a83f67 (webtiles) character file.

Game seed: 13964999403183276737

16601 DerHolg the Cleaver (level 12, -1/111 HPs)
             Began as a Minotaur Berserker on Dec 22, 2020.
             Was a High Priest of Trog.
             Slain by a boulder beetle (24 damage)
             ... on level 11 of the Dungeon on Dec 24, 2020.
             The game lasted 01:07:23 (13596 turns).

DerHolg the Cleaver (Minotaur Berserker)           Turns: 13596, Time: 01:07:24

Health: -1/111     AC: 12    Str: 22    XL:     12   Next: 11%
Magic:  11/11      EV: 17    Int:  4    God:    Trog [*****.]
Gold:   406        SH:  0    Dex: 15    Spells: 11/11 levels left

rFire    . . .     SeeInvis .   J - +7 battleaxe (vorpal)
rCold    + . .     Faith    .   (shield currently unavailable)
rNeg     . . .     Spirit   .   o - +0 scale mail {rPois}
rPois    +         Reflect  .   (helmet restricted)
rElec    .         Harm     .   u - +0 cloak
rCorr    .         Rampage  .   (no gloves)
Will     ++...                  g - +0 pair of boots
Stlth    ..........             (no amulet)
HPRegen  1.28/turn              b - ring of protection from cold
MPRegen  0.12/turn              (no ring)

@: berserk cooldown, regenerating (expiring), slowed, very slow
A: retaliatory headbutt, horns 2
a: Renounce Religion, Berserk, Trog's Hand, Brothers in Arms


You were on level 11 of the Dungeon.
You worshipped Trog.
Trog was extremely pleased with you.
You visited 2 branches of the dungeon, and saw 12 of its levels.
You also visited: Sewer.

You collected 615 gold pieces.
You spent 209 gold pieces at shops.

Inventory:

Hand Weapons
 a - a +0 broad axe
 J - a +7 vorpal battleaxe (weapon)
Missiles
 m - a throwing net
 p - 4 boomerangs of dispersal
 y - 4 boomerangs (quivered)
 I - 5 silver boomerangs
Armour
 g - a +0 pair of boots (worn)
 o - a +0 scale mail of poison resistance (worn)
 u - a +0 cloak (worn)
Jewellery
 b - a ring of protection from cold (left hand)
 h - an uncursed ring of fire
 F - an uncursed ring of protection from fire {unknown}
Wands
 i - a wand of paralysis (13)
 l - a wand of digging (9)
 x - a wand of acid (5)
 A - a wand of iceblast (10)
 G - a wand of polymorph (3)
Scrolls
 c - 5 scrolls of remove curse
 d - 6 scrolls of identify
 n - 5 scrolls of blinking
 q - 5 scrolls of teleportation
 s - 2 scrolls of enchant armour {unknown}
 v - a scroll of fog {unknown}
 C - a scroll of magic mapping
 E - 2 scrolls of fear
 K - a scroll of vulnerability {unknown}
Potions
 e - 4 potions of curing
 f - 5 potions of flight
 j - 3 potions of lignification
 k - 3 potions of haste
 r - 3 potions of might
 t - 2 potions of mutation
 w - 2 potions of magic {unknown}
 z - a potion of berserk rage {unknown}
 B - a potion of heal wounds {unknown}
 D - a potion of invisibility {unknown}
 H - a potion of attraction {unknown}


   Skills:
 + Level 11.7 Fighting
 * Level 13.2 Axes
 + Level 3.4 Throwing
 + Level 11.3 Armour
 + Level 10.4 Dodging


You had 11 spell levels left.
You didn't know any spells.
Your spell library was empty.

Dungeon Overview and Level Annotations

Branches:
Dungeon (11/15)            Temple (1/1) D:5           Sewer (visited)
   Lair: D:8-11         Orc: D:9-12

Altars:
Dithmenos
Fedhas
Gozag
Hepliaklqana
Kikubaaqudgha
Makhleb
Okawaru
Ru
Sif Muna
Trog
Uskayaw
Vehumet
Wu Jian
Xom
The Shining One

Shops:
D:6 *   D:7 *   D:10 [   D:11 !

Annotations:
D:3 2 transporters, thewurscht's ghost, amateur DrTm


Innate Abilities, Weirdness & Mutations

You reflexively headbutt those who attack you in melee.
You have a pair of horns on your head.


Message History

You slash the boulder beetle!
You headbutt the boulder beetle, but do no damage.
The boulder beetle is almost dead.
The boulder beetle leaps!
You start resting.
A boulder beetle is nearby!
You hit the boulder beetle.
You headbutt the boulder beetle, but do no damage.
The boulder beetle is almost dead.
The boulder beetle bites you!! x2
* * * LOW HITPOINT WARNING * * *
You completely miss the boulder beetle.
The boulder beetle is almost dead.
The boulder beetle misses you. You furiously retaliate!
You headbutt the boulder beetle, but do no damage.
You hit the boulder beetle.
The boulder beetle is almost dead.
You feel the effects of Trog's Hand fading.
The boulder beetle bites you!!
You die...

## ## ###
#..##.###@###.#
..#.....##B...#
$#......#.####.#
######
........†#.#####
#.##..
...#..†.....†..##
####..##
#...#........###....##
###..#.###.........##
####.. ###.####### ##
#### ########### ###


You could see a boulder beetle.

Vanquished Creatures
  A boulder beetle (D:11)
  4 two-headed ogres
  5 skeletal warriors
  A deep elf mage (D:11)
  A cyclops (D:11)
  A centaur zombie (D:11)
  Joseph (D:8)
  A kobold demonologist (D:10)
  A komodo dragon (D:11)
  Maggie (D:7)
  A troll (D:11)
  Grinder (D:5)
  Sigmund (D:5)
  A shadow (D:10)
  3 wyverns (D:11)
  Eustachio (D:5)
  3 yaks (D:9)
  2 basilisks (D:11)
  An acid dragon (D:11)
  5 sky beasts
  8 ice beasts
  A hornet zombie (D:8)
  3 orc warriors
  3 phantoms
  A necrophage (D:5)
  5 ogres
  5 centaurs
  4 big kobolds
  3 bullfrogs
  A wyvern skeleton (D:9)
  3 scorpions
  11 killer bees
  17 wights
  7 howler monkeys
  A quasit (D:8)
  3 hounds
  A jelly (D:6)
  8 orc priests
  Crazy Yiuf (D:3)
  16 orc wizards
  2 bullfrog skeletons
  2 centaur skeletons
  2 iguanas
  7 worker ants
  3 hound zombies (D:9)
  A human simulacrum (D:11)
  2 worker ant zombies (D:7)
  5 gnolls
  16 adders
  2 shadow imps
  3 white imps
  An ufetubus (D:7)
  3 oozes
  2 adder skeletons
  A dart slug (D:1)
  10 worms
  6 leopard geckos
  44 orcs
  7 giant cockroaches
  2 goblins (D:2)
  5 hobgoblins
  14 jackals
  12 kobolds
  3 quokkas
  8 ball pythons
  3 bats
  5 frilled lizards
  A jackal skeleton (D:5)
  A leopard gecko skeleton (D:6)
  A leopard gecko zombie (D:6)
  7 rats
319 creatures vanquished.

Vanquished Creatures (others)
  A human simulacrum (D:11)
1 creature vanquished.

Grand Total: 320 creatures vanquished

Notes
Turn   | Place    | Note
-------+----------+-------------------------------------------
     0 | D:1      | DerHolg the Minotaur Berserker began the quest for the Orb.
     0 | D:1      | Reached XP level 1. HP: 19/19 MP: 0/0
   463 | D:1      | Reached XP level 2. HP: 27/27 MP: 1/1
   961 | D:2      | Reached skill level 4 in Axes
  1188 | D:2      | Reached XP level 3. HP: 32/33 MP: 2/2
  1401 | D:2      | Reached ** piety under Trog
  1822 | D:2      | Reached XP level 4. HP: 31/41 MP: 3/3
  2506 | D:3      | Noticed thewurscht's ghost (amateur DrTm)
  2507 | D:3      | Identified the +4 dire flail of Mana {vamp, *Drain rF+
                  | Dex+2}
  2507 | D:3      | Noticed an ogre
  2508 | D:3      | Found a transporter.
  2541 | D:3      | Found a transporter.
  2981 | D:3      | Reached XP level 5. HP: 47/47 MP: 4/4
  3226 | D:3      | Found a runed translucent door.
  3227 | D:3      | Noticed Crazy Yiuf
  3233 | D:3      | Killed Crazy Yiuf
  3234 | D:3      | Reached skill level 5 in Fighting
  3606 | D:4      | Noticed an ice beast
  3754 | D:4      | Reached skill level 5 in Axes
  3837 | D:4      | Noticed a centaur
  3849 | D:4      | Killed a centaur
  3850 | D:4      | Reached XP level 6. HP: 35/56 MP: 5/5
  4264 | D:4      | Reached *** piety under Trog
  4269 | D:4      | Reached skill level 5 in Armour
  4269 | D:4      | Reached XP level 7. HP: 46/62 MP: 6/6
  4750 | D:4      | Reached skill level 6 in Axes
  4826 | D:4      | Reached skill level 5 in Dodging
  4910 | D:5      | Entered Level 5 of the Dungeon
  4969 | D:5      | Noticed Grinder
  4969 | D:5      | Paralysed by Grinder for 2 turns
  4977 | D:5      | Noticed Eustachio
  5032 | D:5      | Killed Eustachio
  5041 | D:5      | Killed Grinder
  5042 | D:5      | Reached XP level 8. HP: 70/71 MP: 7/7
  5062 | D:5      | Found a staircase to the Ecumenical Temple.
  5065 | D:5      | Noticed Sigmund
  5073 | D:5      | Killed Sigmund
  5074 | D:5      | Reached skill level 7 in Axes
  5111 | Temple   | Entered the Ecumenical Temple
  5360 | D:5      | Found a glowing drain.
  5377 | Sewer    | Entered a sewer
  6589 | D:5      | Reached XP level 9. HP: 41/81 MP: 8/8
  6593 | D:5      | Reached **** piety under Trog
  6766 | D:6      | Reached skill level 8 in Axes
  6813 | D:6      | Found an ornate altar of the Wu Jian Council.
  6813 | D:6      | Found a shimmering blue altar of Sif Muna.
  6813 | D:6      | Found a shadowy altar of Dithmenos.
  6839 | D:6      | Found a radiant altar of Vehumet.
  6849 | D:6      | Found a hazy altar of Hepliaklqana.
  6849 | D:6      | Found an iron altar of Okawaru.
  6849 | D:6      | Found an opulent altar of Gozag.
  6849 | D:6      | Found a burning altar of Makhleb.
  6866 | D:6      | Found Penoeddo's Elemental Accessories.
  7536 | D:6      | Found an ancient bone altar of Kikubaaqudgha.
  7622 | D:6      | Found a bloodstained altar of Trog.
  7732 | D:7      | Noticed Maggie
  7741 | D:7      | Killed Maggie
  7838 | D:7      | Found Keodwiap's General Store.
  7961 | D:7      | Found a hide-covered altar of Uskayaw.
  8337 | D:8      | Reached skill level 9 in Axes
  8467 | D:8      | Noticed a two-headed ogre
  8480 | D:8      | Killed a two-headed ogre
  8481 | D:8      | Reached XP level 10. HP: 91/91 MP: 9/9
  8570 | D:8      | Noticed a two-headed ogre
  8582 | D:8      | Killed a two-headed ogre
  8750 | D:8      | Reached ***** piety under Trog
  8751 | D:8      | Reached skill level 10 in Axes
  9076 | D:8      | Noticed Joseph
  9093 | D:8      | Killed Joseph
  9094 | D:8      | Reached skill level 10 in Fighting
  9744 | D:9      | Noticed a two-headed ogre
  9820 | D:9      | Killed a two-headed ogre
 10204 | D:9      | Reached skill level 11 in Axes
 10204 | D:9      | Reached skill level 10 in Armour
 10897 | D:10     | Entered Level 10 of the Dungeon
 10904 | D:10     | Found a blossoming altar of Fedhas.
 10954 | D:10     | Reached XP level 11. HP: 58/101 MP: 10/10
 11332 | D:10     | Found Babel's Antique Armour Shoppe.
 11340 | D:10     | Bought a pair of dazzling boots for 209 gold pieces
 11350 | D:10     | Identified the +2 pair of boots of Quantum Leap {-Tele rC++
                  | Str-5 Dex+8} (You bought it in a shop on level 10 of the
                  | Dungeon)
 11815 | D:11     | Noticed a boulder beetle
 11828 | D:11     | Killed a boulder beetle
 11916 | D:11     | Found Qaletygh's Distillery.
 11952 | D:11     | Reached skill level 12 in Axes
 11979 | D:11     | Received a gift from Trog
 12213 | D:11     | Reached skill level 1 in Throwing
 12425 | D:11     | Noticed a skeletal warrior
 12425 | D:11     | Noticed a skeletal warrior
 12425 | D:11     | Noticed a skeletal warrior
 12458 | D:10     | Killed a skeletal warrior
 12499 | D:11     | Killed a skeletal warrior
 12500 | D:11     | Reached skill level 10 in Dodging
 12658 | D:11     | Killed a skeletal warrior
 12710 | D:11     | Noticed a skeletal warrior
 12726 | D:11     | Killed a skeletal warrior
 12936 | D:11     | Noticed a skeletal warrior
 12952 | D:11     | Killed a skeletal warrior
 13090 | D:11     | Noticed a two-headed ogre
 13109 | D:10     | Killed a two-headed ogre
 13110 | D:10     | Reached skill level 13 in Axes
 13319 | D:11     | Noticed a deep elf mage
 13329 | D:11     | Killed a deep elf mage
 13330 | D:11     | Reached XP level 12. HP: 88/110 MP: 11/11
 13563 | D:11     | Noticed a boulder beetle
 13596 | D:11     | Slain by a boulder beetle

Illustrated notes

Levels and vault maps discovered:
D:1:      dpeg_arrival_renting, layout_basic
D:2:      minmay_razor_zed, layout_loops_cross
D:3:      layout_rooms, gammafunk_ghost_smash, grunt_ministairs_9,
          uniq_crazy_yiuf_cottage
D:4:      layout_rooms
D:5:      layout_basic, minmay_temple_entry_tees, portal_sewer_entry_f,
          uniq_grinder, uniq_sigmund, uniq_eustachio
D:6:      layout_basic, lemuel_coloured_pillars_altar,
          grunt_temple_overflow_open, nicolae_elemental_shop, trog_book
D:7:      layout_loops_ring, serial_shops, shop, lemuel_statue_altar,
          uniq_maggie
D:8:      layout_basic, uniq_joseph
D:9:      layout_irregular_city, evilmike_butchery
D:10:     layout_long_grid, serial_shops, nicolae_shop_statue_plus,
          fedhas_altar_2
D:11:     layout_small_grid, erik_lair_dragon, serial_shops, shop,
          bh_circular_ruins
Temple:   dshaligram_water_room_temple

Skill      XL: |  1  2  3  4  5  6  7  8  9 10 11 |
---------------+----------------------------------+-----
Fighting       | 4 5 6 8 9 10 11 | 11.7
Axes           | 4 5 6 7 9 11 13 | 13.2
Armour         | 3 4 5 6 7 9 10 11 | 11.3
Dodging        | 3 4 5 6 8 9 10 | 10.4
Throwing       | 3 |  3.4

Action                   |  1- 3 |  4- 6 |  7- 9 | 10-12 || total
-------------------------+-------+-------+-------+-------++-------
Melee: Hand axe          |   120 |   129 |    20 |       ||   269
       Headbutt          |    14 |    26 |    62 |    81 ||   183
       War axe           |       |       |   311 |       ||   311
       Broad axe         |       |       |       |   240 ||   240
       Battleaxe         |       |       |       |   127 ||   127
Invok: Berserk           |     1 |     2 |     3 |     8 ||    14
       Trog's Hand       |       |       |     6 |     3 ||     9
Evoke: Wand              |       |       |       |     1 ||     1
  Use: Scroll            |       |     2 |    14 |       ||    16
       Potion            |       |       |     1 |       ||     1
 Stab: Sleeping          |     2 |       |       |       ||     2
Armor: Animal skin       |    14 |     3 |       |       ||    17
       Leather armour    |       |     1 |       |       ||     1
       Chain mail        |       |    13 |       |       ||    13
       Scale mail        |       |    16 |   110 |    94 ||   220
       Skin              |       |       |    16 |       ||    16
Dodge: Dodged            |    62 |    68 |   191 |   233 ||   554

Table legend: (Time is in decaauts)
 A = Elapsed time spent in this place.
 B = Non-inter-level travel time spent in this place.
 C = Inter-level travel time spent in this place.
 D = Time resting spent in this place.
 E = Time spent auto-exploring this place.
 F = Levels seen in this place.
 G = Mean time per level.
                   A        B        C        D        E       F      G
               +--------+--------+--------+--------+--------+-----+--------+
         Total |  13929 |  13438 |    491 |   2892 |   7585 |  13 | 1071.5 |
       Dungeon |  13218 |  12727 |    491 |   2727 |   7319 |  11 | 1201.6 |
        Temple |    219 |    219 |      0 |    165 |      0 |   1 |  219.0 |
         Sewer |    491 |    491 |      0 |      0 |    266 |   1 |  491.0 |
               +--------+--------+--------+--------+--------+-----+--------+

Top non-repeatable levels by time:
    D:11: 1587 daAuts
     D:2: 1558 daAuts
     D:9: 1521 daAuts
     D:3: 1466 daAuts
     D:8: 1278 daAuts
     D:5: 1238 daAuts
     D:4: 1079 daAuts
    D:10: 1024 daAuts
     D:6: 945 daAuts
     D:1: 894 daAuts
     D:7: 623 daAuts
   Sewer: 491 daAuts
  Temple: 219 daAuts
